 Dungeon Crawl Stone Soup version 0.29.1-1-gd02db69 (webtiles) character file.

Game seed: 17158039584651510064

83 Mori the Poker (level 4, 0/35 HPs)
             Began as a Demonspawn Berserker on Mar 17, 2023.
             Was a Believer of Trog.
             Succumbed to a goblin's poison
             ... on level 2 of the Dungeon.
             The game lasted 00:13:24 (1895 turns).

Mori the Poker (Demonspawn Berserker)               Turns: 1895, Time: 00:13:24

Health: 0/35       AC:  6    Str: 20    XL:     4   Next: 22%
Magic:  4/4        EV: 25    Int:  8    God:    Trog [**....]
Gold:   106        SH:  0    Dex: 12    Spells: 3/3 levels left

rFire   . . .      SeeInvis .   a - +0 spear
rCold   . . .      Faith    .   (no shield)
rNeg    . . .      Spirit   .   f - +0 scale mail
rPois   .          Reflect  .   (helmet restricted)
rElec   .          Harm     .   (no cloak)
rCorr   .          Rampage  .   (no gloves)
Will    .....                   (no boots)
Stlth   ..........              h - amulet of the acrobat
HPRegen 0.11/turn               (no ring)
MPRegen 0.09/turn               (no ring)

@: lethally poisoned (0 -> -4), acrobatic
A: antennae 2
a: Renounce Religion, Berserk, Trog's Hand


You were on level 2 of the Dungeon.
You worshipped Trog.
Trog was pleased with you.
You visited 1 branch of the dungeon, and saw 2 of its levels.

You collected 106 gold pieces.

Inventory:

Hand Weapons
 a - a +0 spear (weapon)
 g - a +0 whip of electrocution
Missiles
 j - 6 poisoned darts (quivered)
Armour
 b - a +0 animal skin
 d - a +0 leather armour
 f - a +0 scale mail (worn)
Jewellery
 c - a ring of magical power
 h - an amulet of the acrobat (around neck)
 i - a ring of ice
 n - a ring of protection from fire
Scrolls
 l - a scroll of magic mapping {unknown}
Potions
 e - a potion of curing {unknown}
 k - 2 potions of might
 m - 2 potions of invisibility {unknown}


   Skills:
 + Level 3.5 Fighting
 + Level 3.6 Polearms
 + Level 2.2 Armour
 + Level 2.3 Dodging


You had 3 spell levels left.
You didn't know any spells.
Your spell library was empty.

Dungeon Overview and Level Annotations

Branches:
Dungeon (2/15)

Altars:


Innate Abilities, Weirdness & Mutations

You have a pair of antennae on your head.


Message History

The goblin misses you.
You hit the goblin.
The goblin is moderately wounded.
The goblin barely misses you.
You barely miss the goblin.
The goblin is moderately wounded.
The goblin hits you but does no damage.
You are poisoned.
You closely miss the goblin.
The goblin is moderately wounded.
You feel sick. The goblin closely misses you.
You hit the goblin but do no damage.
The goblin is moderately wounded.
You feel sick.
The goblin hits you with a +2 dagger of venom.
You are more poisoned.
You hit the goblin.
The goblin is severely wounded.
You feel very sick.
The goblin hits you with a +2 dagger of venom.
You closely miss the goblin.
The goblin is severely wounded.
You feel sick. The goblin hits you but does no damage.
You are lethally poisoned!
You hit the goblin.
You kill the goblin!
Trog accepts your kill.
* * * LOW HITPOINT WARNING * * *
You feel very sick.
* * * LOW HITPOINT WARNING * * *
You feel very sick.
You see here a +2 dagger of venom.
* * * LOW HITPOINT WARNING * * *
You feel sick.
* * * LOW HITPOINT WARNING * * *
You feel sick.
* * * LOW HITPOINT WARNING * * *
You feel sick.
There is a stone staircase leading down here.
You die...

##.## #.# #.# #.#
#.# #.# #.# #.#
#.# #.# #.# #.#
#)# #.# #.# #.#
##.####@# #.#
.......>#
#.######
##.###.##
#....†.. #.
#######. #.
########† ###
##........ #.
#####..#.#..##
#.##...[.##.##.#
#....#.#†.###..##


There were no monsters in sight!

Vanquished Creatures
  3 adders (D:2)
  A dart slug (D:1)
  4 bats
  2 endoplasms
  A giant cockroach (D:2)
  6 goblins
  6 hobgoblins
  11 jackals
  5 kobolds
  A quokka (D:1)
  5 ball pythons
  3 frilled lizards
  A rat (D:1)
49 creatures vanquished.

Notes
Turn   | Place    | Note
-------+----------+-------------------------------------------
     0 | D:1      | Mori the Demonspawn Berserker began the quest for the Orb.
     0 | D:1      | Reached XP level 1. HP: 18/18 MP: 1/1
   344 | D:1      | Gained mutation: You have a pair of small antennae on your
                  | head. [demonic ancestry]
   344 | D:1      | Reached XP level 2. HP: 6/24 MP: 2/2
  1208 | D:2      | Gained mutation: You have a pair of antennae on your head.
                  | [demonic ancestry]
  1208 | D:2      | Reached XP level 3. HP: 29/29 MP: 3/3
  1244 | D:2      | Reached ** piety under Trog
  1657 | D:2      | Reached XP level 4. HP: 27/35 MP: 4/4
  1894 | D:2      | HP: 1/35 [poisoned by a goblin]
  1895 | D:2      | Succumbed to a goblin's poison

Illustrated notes

Levels and vault maps discovered:
D:1:      minmay_arrival_stair_chambers, layout_rooms, serial_glass,
          glass_columns_c, glass_columns_a, glass_columns_b, glass_columns_a
D:2:      layout_loops_ring, minmay_between, uniq_robin

Skill      XL: |  1  2  3 |
---------------+----------+-----
Polearms       | 3 |  3.6
Dodging        | 2 |  2.3
Armour         | 2 |  2.2
Fighting       | |  3.5

Action                   |  1- 3 |  4- 6 || total
-------------------------+-------+-------++-------
Melee: Spear             |   183 |    24 ||   207
       Punch             |     5 |     1 ||     6
Throw: Dart              |     1 |       ||     1
  Use: Scroll            |     3 |       ||     3
Armor: Animal skin       |     5 |       ||     5
       Scale mail        |    70 |     6 ||    76
Dodge: Dodged            |   126 |    13 ||   139
